 Dungeon Crawl Stone Soup version 0.27-a0-1123-g2f9bb313c0 (webtiles) character file.

Game seed: 13737969955714139103

25778 tsouns the Spear-Bearer (level 12, -1/100 HPs)
             Began as a Demonspawn Brigand on May 3, 2021.
             Was a High Priest of Yredelemnul.
             Killed from afar by an ice statue (16 damage)
             ... with a bolt of cold
             ... in an ice cave on May 4, 2021.
             The game lasted 00:32:09 (16285 turns).

tsouns the Spear-Bearer (Demonspawn Brigand)       Turns: 16285, Time: 00:32:11

Health: -1/100     AC: 11    Str: 18    XL:     12   Next: 92%
Magic:  15/21      EV: 13    Int: 23    God:    Yredelemnul [*****.]
Gold:   844        SH:  5    Dex: 10    Spells: 6/11 levels left

rFire    + + .     SeeInvis +   z - +4 bardiche (venom)
rCold    . . .     Faith    .   (shield currently unavailable)
rNeg     . . .     Spirit   .   I - +2 robe {rC+ rF+}
rPois    .         Reflect  +   (no helmet)
rElec    .         Harm     .   c - +1 cloak
rCorr    +         Rampage  .   P - +0 pair of gloves of Space {+Blink Int+6 Dex-5 SInv}
Will     .....                  (boots unavailable)
Stlth    ++........             F - amulet of reflection
HPRegen  0.26/turn              S - ring "Eppi" {rF+ rC- rCorr Str+6}
MPRegen  0.17/turn              p - +4 ring of protection

@: no status effects
A: hooves 3, repulsion field 1, powered by death 1, spiny 2
a: Renounce Religion, Evoke Blink, Recall Undead Slaves, Injury Mirror, Animate
Dead, Drain Life, Enslave Soul


You were in an ice cave.
You worshipped Yredelemnul.
Yredelemnul was extremely pleased with you.
You visited 2 branches of the dungeon, and saw 13 of its levels.
You also visited: Sewer and Ice Cave.

You collected 1305 gold pieces.
You spent 461 gold pieces at shops.

Inventory:

Hand Weapons
 z - a +4 bardiche of venom (weapon)
 J - the +6 trident "Widowermaker" {flame, rPois Will+ Stlth+}
   (You found it on level 9 of the Dungeon)

   It has been specially enchanted to burn those struck by it, causing extra
   injury to most foes and up to half again as much damage against particularly
   susceptible opponents.
   It protects you from poison.
   It increases your willpower.
   It makes you more stealthy.
Missiles
 d - 102 poisoned darts (quivered)
 e - 3 curare-tipped darts
 f - 6 atropa-tipped darts
 K - 2 throwing nets
Armour
 c - a +1 cloak (worn)
 I - a +2 robe of resistance (worn)
 P - the +0 pair of gloves of Space (worn) {+Blink Int+6 Dex-5 SInv}
   (You bought it in a shop on level 12 of the Dungeon)

   It affects your intelligence (+6).
   It affects your dexterity (-5).
   It lets you see invisible.
   It lets you blink.
Jewellery
 p - a +4 ring of protection (right hand)
 t - an amulet of magic regeneration
 B - a +6 ring of intelligence
 F - an amulet of reflection (around neck)
 S - the ring "Eppi" (left hand) {rF+ rC- rCorr Str+6}
   (You acquired it on level 12 of the Dungeon)

   [ring of resist corrosion]

   It affects your strength (+6).
   It protects you from fire.
   It makes you vulnerable to cold.
   It protects you from acid and corrosion.
Wands
 y - a wand of polymorph (19)
 D - a wand of iceblast (4)
 E - a wand of acid (2)
 H - a wand of flame (4)
Scrolls
 i - 4 scrolls of blinking
 j - 2 scrolls of amnesia
 k - 3 scrolls of fog
 o - 5 scrolls of vulnerability
 q - a scroll of brand weapon
 w - 8 scrolls of teleportation
 O - a scroll of summoning
Potions
 a - a potion of invisibility
 b - a potion of resistance
 h - 2 potions of attraction
 m - a potion of lignification
 n - 7 potions of heal wounds
 r - 5 potions of ambrosia
 u - 5 potions of curing
 v - 3 potions of mutation
 x - 5 potions of magic
 A - a potion of brilliance
 C - a potion of berserk rage
 M - 2 potions of might
 Q - 2 potions of haste
Miscellaneous
 g - a piece from Xom's chessboard (15/15)
 L - a condenser vane (inert)


   Skills:
 - Level 11.3 Fighting
 - Level 1.7 Short Blades
 - Level 14.0 Polearms
 - Level 1.7 Throwing
 - Level 0.8 Dodging
 - Level 3.6 Stealth
 - Level 13.2 Invocations
 + Level 1.1 Evocations


You had 6 spell levels left.
You knew the following spells:

 Your Spells              Type           Power      Damage    Failure   Level
a - Ensorcelled Hibernat  Hex/Ice        0%         N/A       24%         2
b - Confusing Touch       Hex            0%         N/A       43%         3

Your spell library contained the following spells:

 Spells                   Type           Power      Damage    Failure   Level
 Animate Skeleton         Necr           0%         N/A       16%         1
 Beastly Appendage        Tmut           0%         N/A       16%         1
 Corona                   Hex            0%         N/A       16%         1
 Freeze                   Ice            0%         1d3       16%         1
 Pain                     Necr           0%         1d4       16%         1
 Blink                    Tloc           N/A        N/A       24%         2
 Poisonous Vapours        Pois/Air       0%         N/A       24%         2
 Wereblood                Tmut           0%         N/A       24%         2
 Conjure Flame            Conj/Fire      0%         6-21      43%         3
 Dazzling Flash           Conj/Hex       0%         N/A       43%         3
 Frozen Ramparts          Ice            0%         1d2       43%         3
 Gell's Gravitas          Tloc           0%         N/A       43%         3
 Lesser Beckoning         Tloc           0%         N/A       43%         3
 Mephitic Cloud           Conj/Pois/Air  0%         N/A       43%         3
 Ozocubu's Armour         Ice            0%         N/A       43%         3
 Spider Form              Tmut/Pois      0%         N/A       43%         3
 Teleport Other           Tloc           0%         N/A       43%         3
 Tukima's Dance           Hex            0%         N/A       43%         3
 Vampiric Draining        Necr           0%         2d6       43%         3
 Animate Dead             Necr           0%         N/A       83%         4
 Hailstorm                Conj/Ice       0%         3d3       83%         4
 Ice Form                 Ice/Tmut       0%         N/A       83%         4
 Agony                    Necr           0%         N/A       99%         5
 Hydra Form               Tmut           0%         N/A       99%         5
 Manifold Assault         Tloc           0%         N/A       99%         5
 Metabolic Englaciation   Hex/Ice        0%         N/A       99%         5
 Freezing Cloud           Conj/Ice/Air   0%         6-21      100%        6


Dungeon Overview and Level Annotations

Branches:
Dungeon (12/15)            Temple (0/1) D:6            Lair (1/6) D:8
    Orc (0/2) D:12          Sewer (visited)           IceCv (1/1)

Altars:
Ashenzari
Cheibriados
Elyvilon
Fedhas
Gozag
Kikubaaqudgha
Qazlal
Ru
Sif Muna
Trog
Uskayaw
Vehumet
Yredelemnul

Shops:
D:5 *   D:10 !   D:12 *

Annotations:
IceCv 1 transporter, exclusion: 2 ice statues


Innate Abilities, Weirdness & Mutations

You have hooves in place of feet.
You are surrounded by a mild repulsion field. (EV +2)
You regenerate a little health from kills.
You are mostly covered in sharp spines.


Message History

The ice beast is lightly wounded.
The ice beast is moderately wounded.
You feel life flooding into your body. The ice beast is struck by your spines.
The ice beast hits you but does no damage.
Your wraith misses the ice beast.
The ice beast hits you but does no damage.
The ice beast closely misses you. The ice statue gestures at you.
The freezing blast engulfs the ice beast.
The ice beast completely resists.
Reach: z) +4 bardiche (venom)
Press: ? - help, Dir - move target, f/p - ice statue
Aim: an ice statue (freezing vapour, moderately damaged, about 6% to evade your +4 bardiche of venom)
You reach to attack!
You slash the ice statue!
The ice statue is moderately damaged.
You are engulfed in freezing vapours.
The ice beast is struck by your spines.
The ice beast hits you but does no damage.
Your wraith barely misses the ice beast.
The ice beast closely misses you. The ice beast misses you.
The ice statue gestures.
The ice beast is struck by your spines. The ice beast barely misses you.
Unknown command.
Reach: z) +4 bardiche (venom)
Press: ? - help, Dir - move target, f/p - ice statue
Aim: an ice statue (freezing vapour, moderately damaged, about 6% to evade your +4 bardiche of venom)
The ice beast is in the way.
You slice the ice beast!!
You kill the ice beast!
You are engulfed in freezing vapours.
* * * LOW HITPOINT WARNING * * *
The ice beast hits you but does no damage.
Your wraith barely misses the ice beast.
The ice beast is struck by your spines.
The ice beast hits you but does no damage.
The ice beast is struck by your spines.
You kill the ice beast!
The ice statue gestures at you.
The bolt of cold hits the ice beast.
The ice beast completely resists.
The bolt of cold hits you!
You die...
Your body rises from the dead as a mindless zombie.

#######
##.....##
##...∩...##
##.........##
#.....©.....#
#.....W.....#
#....Y@○○...#
#.....YY°○....#
#....8.Y○8....#
#......)......#
##....!.$....##
#...8.[.8...#
##...?©[...##
###########


You could see 2 ice statues, 4 ice beasts and a friendly wraith.

Vanquished Creatures
  3 hydras
  A boulder beetle (D:12)
  The ghost of 1player the Thrower, a novice OgBr of Dithmenos (D:9)
  A centaur warrior (D:12)
  2 two-headed ogres
  A tengu warrior (D:12)
  2 ugly things (IceCv)
  A manticore (D:12)
  4 cyclopes
  Joseph (D:8)
  An unseen horror (D:12)
  A cane toad (Lair:1)
  A rime drake (Lair:1)
  2 komodo dragons
  A meliai (D:9)
  4 polar bears (D:10)
  3 slime creatures
  2 centaur simulacra
  A shadow (D:12)
  A wyvern (D:10)
  2 wraiths
  A basilisk (D:12)
  29 yaks
  A golden eye (shapeshifter) (D:12)
  3 wargs (D:12)
  A water moccasin (D:5)
  An acid dragon (D:12)
  A black bear (D:8)
  4 orc warriors
  8 ice beasts
  A sky beast (D:6)
  A necrophage (D:4)
  10 centaurs
  4 ogres
  A phantom (D:4)
  3 kobold brigands
  4 bullfrogs
  3 scorpions
  A wyvern zombie (D:8)
  A water moccasin skeleton (D:4)
  A killer bee (D:10)
  10 wights
  An electric eel (D:10)
  5 howler monkeys
  A centaur zombie (D:6)
  A lava snake (D:10)
  2 hounds
  6 jellies
  3 orc priests
  A centaur skeleton (D:5)
  10 iguanas
  6 orc wizards
  A hound skeleton (D:5)
  A howler monkey zombie (D:9)
  9 adders
  3 white imps
  A howler monkey simulacrum (D:10)
  3 ufetubi
  A worm (D:4)
  3 dart slugs
  15 orcs
  14 endoplasms
  8 giant cockroaches
  5 goblins
  9 hobgoblins
  9 jackals
  7 quokkas
  7 ball pythons
  5 bats
  5 frilled lizards
  23 kobolds
  5 rats
295 creatures vanquished.

Vanquished Creatures (collateral kills)
  A rakshasa (D:12)
  A two-headed ogre (D:11)
  An orange crystal statue (D:10)
  A centaur zombie (D:11)
  2 gargoyles
  A rime drake (Lair:1)
  A wyvern (D:9)
  7 yaks
  A warg (D:12)
  2 orc warriors
  8 centaurs
  A kobold brigand (D:11)
  A scorpion (D:6)
  3 killer bees
  3 howler monkeys
  4 jellies
  Jessica (D:2)
  An orc wizard (D:11)
  An adder (D:6)
  A white imp (D:10)
  A worm (D:3)
  8 orcs
  2 ball pythons (Sewer)
  13 endoplasms
  A giant cockroach (D:3)
  A goblin (D:9)
  4 kobolds
  A rat (D:3)
73 creatures vanquished.

Vanquished Creatures (others)
  A two-headed ogre (D:11)
  10 flying skulls
  3 wights
  A hydra zombie (D:12)
  2 two-headed ogre zombies
  A manticore zombie (D:12)
  4 centaur zombies
  A tengu zombie (D:12)
  2 warg zombies (D:12)
  A cyclops zombie (D:12)
  15 yak zombies
  3 adder zombies
  2 ball python zombies
  A bullfrog zombie (D:9)
  A frilled lizard zombie (Sewer)
  A hound zombie (D:4)
  3 howler monkey zombies
  A human zombie (D:2)
  2 iguana zombies
  A jackal zombie (Sewer)
  3 kobold zombies
  A necrophage skeleton (D:4)
  7 orc zombies
  2 scorpion zombies (D:7)
  3 fungi
  27 plants (Sewer)
99 creatures vanquished.

Grand Total: 467 creatures vanquished

Notes
Turn   | Place    | Note
-------+----------+-------------------------------------------
     0 | D:1      | tsouns the Demonspawn Brigand began the quest for the Orb.
     0 | D:1      | Reached XP level 1. HP: 16/16 MP: 1/1
   236 | D:1      | Found a faded altar of an unknown god.
   245 | D:1      | Became a worshipper of Yredelemnul the Dark
   245 | D:1      | Reached * piety under Yredelemnul
   396 | D:1      | Gained mutation: You are partially covered in sharp spines.
                  | [demonic ancestry]
   396 | D:1      | Reached XP level 2. HP: 23/23 MP: 2/2
   447 | D:1      | Reached skill level 1 in Polearms
   875 | D:2      | Noticed Jessica
   881 | D:2      | Killed Jessica
   882 | D:2      | Reached skill level 2 in Polearms
   882 | D:2      | Gained mutation: You regenerate a little health from kills.
                  | [demonic ancestry]
   882 | D:2      | Reached XP level 3. HP: 28/28 MP: 3/3
   957 | D:2      | Your ally Jessica died
  1222 | D:2      | Gained mutation: You have large cloven feet. [demonic
                  | ancestry]
  1222 | D:2      | Reached XP level 4. HP: 28/35 MP: 4/4
  2062 | D:3      | You fall into a shaft and drop 1 floor!
  2071 | D:4      | Found a broken altar of Ashenzari.
  2141 | D:4      | Reached skill level 3 in Polearms
  2222 | D:4      | Reached ** piety under Yredelemnul
  2254 | D:4      | Found a blossoming altar of Fedhas.
  2329 | D:4      | Noticed a necrophage
  2344 | D:4      | Killed a necrophage
  2345 | D:4      | Gained mutation: You are surrounded by a mild repulsion
                  | field. (EV +2) [demonic ancestry]
  2345 | D:4      | Reached XP level 5. HP: 29/42 MP: 5/5
  2450 | D:4      | Noticed an ogre
  2540 | D:3      | Reached skill level 4 in Polearms
  2606 | D:3      | Found a glowing drain.
  2626 | Sewer    | Entered a sewer
  2884 | Sewer    | Gained mutation: You are mostly covered in sharp spines.
                  | [demonic ancestry]
  2884 | Sewer    | Reached XP level 6. HP: 40/48 MP: 6/6
  3600 | D:3      | Reached *** piety under Yredelemnul
  3853 | D:4      | Found an ancient bone altar of Kikubaaqudgha.
  3910 | D:4      | Reached skill level 1 in Invocations
  4112 | D:4      | Reached skill level 5 in Polearms
  4160 | D:5      | Entered Level 5 of the Dungeon
  4182 | D:5      | Reached XP level 7. HP: 48/55 MP: 8/8
  4535 | D:5      | Found an opulent altar of Gozag.
  4535 | D:5      | Found Gozag's Platinum Reserve.
  4848 | D:5      | Found a radiant altar of Vehumet.
  4930 | D:5      | Reached skill level 5 in Fighting
  5087 | D:5      | Found a large runed translucent door.
  5088 | D:5      | Found a large runed translucent door.
  5425 | D:5      | Found a snail-covered altar of Cheibriados.
  5436 | D:5      | Found a sacrificial altar of Ru.
  5504 | D:6      | Reached skill level 6 in Polearms
  5667 | D:6      | Reached XP level 8. HP: 62/62 MP: 11/11
  6099 | D:6      | Reached skill level 5 in Invocations
  6102 | D:6      | Learned a level 2 spell: Ensorcelled Hibernation
  6106 | D:6      | Learned a level 3 spell: Confusing Touch
  6160 | D:6      | Found a staircase to the Ecumenical Temple.
  6271 | D:6      | Reached skill level 7 in Polearms
  6559 | D:7      | Reached **** piety under Yredelemnul
  7164 | D:7      | Identified the +1 leather armour "Jialesch" {Int-4 Dex+6}
  7181 | D:7      | Found a hide-covered altar of Uskayaw.
  7191 | D:7      | Gained mutation: You have hoof-like feet. [demonic
                  | ancestry]
  7191 | D:7      | Reached XP level 9. HP: 65/71 MP: 13/13
  7658 | D:8      | Noticed Joseph
  7671 | D:8      | Killed Joseph
  7672 | D:8      | Reached skill level 8 in Polearms
  7913 | D:8      | Found a shimmering blue altar of Sif Muna.
  7949 | D:8      | Noticed a two-headed ogre
  7961 | D:8      | Killed a two-headed ogre
  8040 | D:8      | Reached skill level 9 in Polearms
  9083 | D:8      | Gained mutation: You have hooves in place of feet. [demonic
                  | ancestry]
  9083 | D:8      | Reached XP level 10. HP: 52/80 MP: 16/16
  9089 | D:8      | Received a gift from Yredelemnul (3 flying skulls)
  9182 | D:8      | Found a staircase to the Lair.
  9458 | D:9      | Received a gift from Yredelemnul (a wight)
  9691 | D:9      | Identified the +6 trident "Widowermaker" {flame, rPois
                  | Will+ Stlth+}
  9714 | D:9      | Found a bloodstained altar of Trog.
  9931 | D:9      | Reached skill level 10 in Polearms
 10079 | D:9      | Found a runed translucent gate.
 10079 | D:9      | Found a runed translucent gate.
 10079 | D:9      | Found a runed translucent gate.
 10096 | D:9      | Noticed 1player's ghost (novice OgBr)
 10489 | D:9      | Killed 1player's ghost
 10490 | D:9      | Reached skill level 10 in Invocations
 10835 | D:10     | Entered Level 10 of the Dungeon
 10837 | D:10     | Noticed a cyclops
 10846 | D:10     | Killed a cyclops
 10847 | D:10     | Reached skill level 11 in Polearms
 11082 | D:10     | Reached XP level 11. HP: 82/89 MP: 18/18
 11096 | D:10     | Found a stormy altar of Qazlal.
 11563 | D:10     | Reached ***** piety under Yredelemnul
 11865 | D:10     | Received a gift from Yredelemnul (5 flying skulls)
 12070 | D:10     | Noticed an orange crystal statue
 12080 | D:10     | Killed an orange crystal statue
 12268 | D:10     | Found Heomogh's Distillery.
 12275 | D:10     | Bought a potion of lignification for 45 gold pieces
 12451 | D:11     | Noticed a two-headed ogre
 12454 | D:11     | Received a gift from Yredelemnul (a wight)
 12454 | D:11     | Killed a two-headed ogre
 12466 | D:11     | Reached skill level 12 in Polearms
 12532 | D:11     | Noticed a two-headed ogre
 12546 | D:11     | Killed a two-headed ogre
 13341 | D:12     | Reached skill level 10 in Fighting
 13353 | D:12     | Received a gift from Yredelemnul (2 flying skulls)
 13374 | D:12     | Found Yruisch's Assorted Antiques.
 13382 | D:12     | Bought a pair of jewelled gloves for 190 gold pieces
 13382 | D:12     | Identified the +0 pair of gloves of Space {+Blink Int+6
                  | Dex-5 SInv} (You bought it in a shop on level 12 of the
                  | Dungeon)
 13382 | D:12     | Bought 2 inky potions for 36 gold pieces
 13382 | D:12     | Bought a scroll of blinking for 150 gold pieces
 13382 | D:12     | Bought a scroll of identify for 40 gold pieces
 13393 | D:12     | Identified 3 scrolls of acquirement
 13393 | D:12     | Acquired the ring "Eppi" {rF+ rC- rCorr Str+6}
 13539 | D:12     | Found a staircase to the Orcish Mines.
 13570 | D:12     | Noticed a five-headed hydra
 13578 | D:12     | Killed a five-headed hydra
 13890 | D:12     | Reached XP level 12. HP: 97/97 MP: 20/20
 13956 | D:12     | Noticed a two-headed ogre
 13965 | D:12     | Killed a two-headed ogre
 14163 | D:12     | Noticed a six-headed hydra
 14173 | D:12     | Killed a six-headed hydra
 14180 | D:12     | Received a gift from Yredelemnul (a wight)
 14578 | D:12     | Noticed a tengu warrior
 14584 | D:12     | Reached skill level 13 in Polearms
 14584 | D:12     | Noticed a rakshasa
 14633 | D:12     | Killed a rakshasa
 14656 | D:12     | Killed a tengu warrior
 15005 | D:12     | Noticed a centaur warrior
 15009 | D:12     | Killed a centaur warrior
 15063 | D:12     | Noticed a boulder beetle
 15110 | D:12     | Killed a boulder beetle
 15828 | Lair:1   | Entered Level 1 of the Lair of Beasts
 16035 | Lair:1   | Noticed a seven-headed hydra
 16039 | Lair:1   | Killed a seven-headed hydra
 16073 | Lair:1   | Found a frozen archway.
 16089 | Lair:1   | Acquired a +2 bardiche of venom
 16097 | Lair:1   | Acquired 479 gold pieces
 16100 | IceCv    | Entered an ice cave
 16126 | IceCv    | Received a gift from Yredelemnul (a wraith)
 16233 | IceCv    | Found a transporter.
 16277 | IceCv    | Found a transporter.
 16281 | IceCv    | Reached skill level 14 in Polearms
 16281 | IceCv    | Reached skill level 1 in Evocations
 16285 | IceCv    | Killed from afar by an ice statue

Illustrated notes

Levels and vault maps discovered:
D:1:      minmay_arrival_radiant_lines, layout_basic, basic_ecumenical_altar,
          minmay_pentomino_p2
D:2:      layout_basic, serial_curves, eino_curves_01, eino_curves_02,
          eino_curves_02, roderic_three_in_a_row, uniq_jessica
D:3:      layout_rooms, gup_sewer_entry_pipe, corexii_corridor_pit
D:4:      layout_rooms, fedhas_altar_fruit_tree, kiku_gazebo_garden_becter,
          evilmike_ruin_ashenzari
D:5:      layout_gridville, nicolae_gozag_zags_fifth_avenue,
          general_overflow_altar, jmf_multi_god_temple2, minivault_11,
          hangedman_abyss_or_decor_jellyfish_corner
D:6:      layout_basic, minmay_temple_entry_trees
D:7:      layout_basic, elyvilon_altar_3, nicolae_uskayaw_dance_studio,
          serial_corexii_hall, chequers_hall_statues_wall_a,
          chequers_hall_statues_corner_a, corexii_hall_statues_deadend,
          corexii_hall_statues_x
D:8:      lemuel_slime, layout_loops_ring, led_sif_book, lair_entry_dummy,
          minmay_fractal_squares_diagonal_5, uniq_joseph
D:9:      layout_basic, trog_hazing_becter, gammafunk_ghost_split
D:10:     layout_stronghold, lemuel_crystal_altar, serial_shops,
          kennysheep_little_box, serial_ice, serial_ice_c, serial_ice_m,
          serial_ice_a, serial_ice_g, serial_ice_o, serial_ice_e,
          nicolae_lava_and_water, minmay_statue_bubble
D:11:     layout_irregular_city, minmay_starry_boxes
D:12:     minmay_triangles_in_corner, layout_cave_pods,
          minmay_orc_entry_guard_dogs, serial_shops, nicolae_shop_stone
Lair:1:   minmay_lair_oklob_tunnel, layout_long_grid, portal_ice_cave_rime,
          serial_bayou_ford_a, minmay_lair_oklob_items, uniq_harold, uniq_sonja,
          uniq_fannar
IceCv:    ice_cave_statue_garden_transporter

Skill      XL: |  1  2  3  4  5  6  7  8  9 10 11 12 |
---------------+-------------------------------------+-----
Polearms       | 2 3 4 5 6 7 9 11 12 14 | 14.0
Fighting       | 3 4 5 6 7 9 10 11 | 11.3
Invocations    | 2 4 6 8 10 11 13 | 13.2
Evocations     | 1 |  1.1
Short Blades   | |  1.7
Throwing       | |  1.7
Dodging        | |  0.8
Stealth        | |  3.6

Action                   |  1- 3 |  4- 6 |  7- 9 | 10-12 || total
-------------------------+-------+-------+-------+-------++-------
Melee: Trident           |    61 |   164 |   292 |   480 ||   997
       Dagger            |     3 |       |       |       ||     3
       Kick              |       |       |       |   117 ||   117
       Bardiche          |       |       |       |    18 ||    18
Throw: Dart              |       |     6 |       |    10 ||    16
Invok: Animate Remains   |     4 |    16 |       |       ||    20
       Animate Dead      |       |     1 |    15 |    31 ||    47
       Drain Life        |       |       |     1 |     6 ||     7
       Recall Undead Sla |       |       |       |     1 ||     1
Evoke: Wand              |       |       |       |     4 ||     4
       Condenser vane    |       |       |       |     1 ||     1
  Use: Scroll            |       |       |    18 |    11 ||    29
       Potion            |       |       |       |     2 ||     2
 Stab: Sleeping          |     8 |    13 |    10 |    12 ||    43
       Distracted        |       |       |     1 |     4 ||     5
       Confused          |       |       |       |     1 ||     1
Armor: Robe              |     2 |    16 |    29 |    52 ||    99
       Leather armour    |       |       |     6 |       ||     6
Dodge: Dodged            |    19 |    49 |   110 |   143 ||   321
Block: Other             |       |       |    17 |    55 ||    72
       Reflection        |       |       |       |     7 ||     7

Table legend: (Time is in decaauts)
 A = Elapsed time spent in this place.
 B = Non-inter-level travel time spent in this place.
 C = Inter-level travel time spent in this place.
 D = Time resting spent in this place.
 E = Time spent auto-exploring this place.
 F = Levels seen in this place.
 G = Mean time per level.
                   A        B        C        D        E       F      G
               +--------+--------+--------+--------+--------+-----+--------+
         Total |  16355 |  15958 |    397 |      0 |  13414 |  15 | 1090.3 |
       Dungeon |  14865 |  14468 |    397 |      0 |  12259 |  12 | 1238.8 |
          Lair |    265 |    265 |      0 |      0 |    217 |   1 |  265.0 |
         Sewer |   1035 |   1035 |      0 |      0 |    802 |   1 | 1035.0 |
      Ice Cave |    189 |    189 |      0 |      0 |    136 |   1 |  189.0 |
               +--------+--------+--------+--------+--------+-----+--------+

Top non-repeatable levels by time:
    D:12: 2289 daAuts
     D:8: 1799 daAuts
    D:10: 1589 daAuts
     D:9: 1486 daAuts
     D:2: 1396 daAuts
     D:5: 1323 daAuts
     D:7: 1159 daAuts
   Sewer: 1035 daAuts
     D:6: 963 daAuts
    D:11: 890 daAuts
     D:4: 707 daAuts
     D:1: 660 daAuts
     D:3: 599 daAuts
  Lair:1: 265 daAuts
   IceCv: 189 daAuts
